AoeStats
← Heisenberg

Arabia

509619681Analyzed
1v1 RM · 3d ago on Sep 27, 2026· 39m 11s· 2 players
Game mode
Random Map
Map size
Tiny (2 player)
Population
200
Speed
Normal
Resources
Standard
Victory
Conquest
Starting age
Dark Age
Ending age
Imperial Age
RankedLock teamsTeams togetherTeam positionsShared explorationLock speedFull tech treeHidden civsTurbo modeCheats
Victory
Defeat
🇩🇪 Mongols · Germany
1474
+16
🇫🇷 Malay · France
1470
-16
FoXxX
7:16 Loom
9:11 Feudal Age
7:27 Loom
12:25 Double-Bit Axe
20:09 Castle Age
18:04 Horse Collar
18:32 Gold Mining
20:20 Bow Saw
26:35 Sanctity
27:35 Pikeman
29:40 Forging
29:55 Squires
33:58 Arson
34:57 Iron Casting
Heisenberg
8:07 Feudal Age
8:38 Double-Bit Axe
8:59 Loom
10:19 Horse Collar
18:41 Castle Age
17:09 Scale Barding Armor
17:35 Bloodlines
17:31 Scale Barding Armor
19:15 Forging
19:36 Bow Saw
27:18 Heavy Plow
28:37 Chain Barding Armor
32:25 Gold Mining
32:31 Stone Mining
36:00 Imperial Age
34:11 Wheelbarrow
34:38 Gold Shaft Mining
34:09 Fletching
34:41 Padded Archer Armor
35:55 Bodkin Arrow
36:09 Thumb Ring
37:34 Bracer
37:50 Leather Archer Armor
Connection lost

Rejoining the realm…

Still unreachable

The connection could not be restored.

Session expired

The server has moved on; the page needs a fresh start.